 Dungeon Crawl Stone Soup version 0.31-a0-819-gf6de2f5ab6 (webtiles) character file.

Game seed: 1806023059229693930

79 qw the Shooter (level 4, -1/27 HPs)
             Began as a Gargoyle Hunter on Sept 23, 2023.
             Slain by a gnoll bouda
             ... wielding a +2 whip of venom
              (9 damage)
             ... on level 3 of the Dungeon.
             The game lasted 00:00:29 (1347 turns).

qw the Shooter (Gargoyle Hunter)                    Turns: 1347, Time: 00:00:29

Health: -1/27      AC:  8    Str: 14    XL:     4   Next: 37%
Magic:  4/4        EV: 10    Int: 10    God:
Gold:   100        SH:  0    Dex: 15    Spells: 3/3 levels left

rFire   . . .        Y - +0 shortbow
rCold   + . .        (shield currently unavailable)
rNeg    + . .        d - +0 ring mail
rPois   inf          (no helmet)
rElec   +            (no cloak)
rCorr   .            (no gloves)
SInv    .            (no boots)
Will    .....        (no amulet)
Stlth   +            b - ring of protection from cold
HPRegen 0.24/turn    (no ring)
MPRegen 0.09/turn

%: no passive effects
@: weakened
A: sickness immunity, AC +3, negative energy resistance 1, electricity
resistance, torment resistance 1, petrification resistance
a: no special abilities


You were on level 3 of the Dungeon.
You visited 1 branch of the dungeon, and saw 3 of its levels.

You collected 100 gold pieces.


Innate Abilities, Weirdness & Mutations

You are immune to sickness and miasma.
Your stone body is resilient. (AC +3)
You are immune to poison.
You resist negative energy. (rN+)
You are resistant to electric shocks. (rElec)
You are resistant to unholy torment.
You are immune to petrification.


   Skills:
 + Level 2.7 Fighting
 - Level 5.4 Ranged Weapons
 - Level 1.0 Armour
 - Level 1.5 Dodging
 - Level 1.1 Stealth


You had 3 spell levels left.
You didn't know any spells.
Your spell library was empty.

Inventory:

Hand Weapons
 Y - a +0 shortbow (weapon)
Armour
 d - a +0 ring mail (worn)
Jewellery
 b - a ring of protection from cold (left hand)
Scrolls
 a - a scroll of enchant armour
 g - a scroll of teleportation
Potions
 e - a potion of magic {unknown}
 f - a potion of cancellation
 h - a potion of curing
 k - a potion of enlightenment {unknown}

Dungeon Overview and Level Annotations

Branches:
Dungeon (3/15)

Altars:


Message History

The gnoll is moderately wounded.
A hound comes into view.
Something hits the plant!
You shoot an arrow. The arrow hits the gnoll.
The gnoll is severely wounded.
The gnoll bouda gazes fiercely through you!
You feel your attacks grow feeble.
The gnoll hits something with a +0 flail.
A gnoll comes into view. It is wielding a +0 spear.
The gnoll closely misses you.
You shoot an arrow. The arrow hits the gnoll!
You kill the gnoll!
Your Armour skill increases to level 1!
1343 |||
Found retreat position at 0,-1 (floor) with 0 blocking monsters and 2 monsters attacking at destination at distance 1 x2
1343 ||| RETREEAATING.
You shoot an arrow.
The arrow closely misses the gnoll bouda.
The arrow barely misses the gnoll.
The arrow hits the plant!
The plant begins to die.
The plant is lightly damaged.
You shoot an arrow.
The arrow barely misses the gnoll bouda.
The arrow barely misses the gnoll.
The arrow hits the gnoll but does no damage.
Your attacks no longer feel as feeble.
The gnoll bouda hits you with a +2 whip of venom!
You shoot an arrow.
The arrow hits the gnoll bouda but does no damage.
The gnoll bouda hits you with a +2 whip of venom.
The gnoll bouda gazes fiercely through you!
You feel your attacks grow feeble.
The gnoll bouda hits you with a +2 whip of venom.
You hear a shout!
You shoot an arrow. The arrow hits the gnoll bouda.
The gnoll bouda is lightly wounded.
A nearby plant withers and dies.
The gnoll bouda gazes fiercely through you!
You feel as though you will be weak longer.
The gnoll bouda hits you with a +2 whip of venom!
You die...

#. #.# #. #.# #.
#.#
#.########.######
##.#.%...........#
...<........####.#
##.#.##.....# #.#
............# #.#
............# #@#
.###.#........##g#
. #.#......#.##h#
#.#.##......gg#
..#.# ..P.PP.g. ..
.P....... ....P.#
gP..P..# P.......#


You could see a gnoll bouda, a hound and 3 gnolls.

Vanquished Creatures
  Jessica (D:2)
  A gnoll (D:3)
  3 dart slugs (D:2)
  3 endoplasms
  2 giant cockroaches (D:1)
  4 goblins
  3 hobgoblins
  5 jackals (D:1)
  3 kobolds
  2 ball pythons (D:1)
  3 bats
  A frilled lizard (D:1)
  A rat (D:2)
32 creatures vanquished.

Notes
Turn   | Place    | Note
-------+----------+-------------------------------------------
     0 | D:1      | qw the Gargoyle Hunter began the quest for the Orb.
     0 | D:1      | Reached XP level 1. HP: 12/12 MP: 1/1
     0 | D:1      | 0 ||| qw: Version: 0.3-a-83-gcd0e7d8
     0 | D:1      | 0 ||| qw: Game counter: 1581
     0 | D:1      | 0 ||| qw: Melee chars always use a shield: true
     0 | D:1      | 0 ||| qw: God list: Okawaru
     0 | D:1      | 0 ||| qw: Allow faded altars: false
     0 | D:1      | 0 ||| qw: Do Orc after clearing Dungeon:15 true
     0 | D:1      | 0 ||| qw: Do second Lair branch before Depths: true
     0 | D:1      | 0 ||| qw: Lair rune preference: random
     0 | D:1      | 0 ||| qw: Goals: Normal
     0 | D:1      | 0 ||| PLANNING D:1-11
   135 | D:1      | Reached XP level 2. HP: 17/17 MP: 2/2
   344 | D:1      | Reached XP level 3. HP: 21/21 MP: 3/3
   683 | D:1      | 683 ||| READING scroll labelled ZAHOSE FAETH.
   688 | D:1      | 688 ||| READING scroll labelled KARIOM YLIDE.
   689 | D:1      | 689 ||| DRINKING 2 smoky coppery potions.
   690 | D:1      | 690 ||| DROPPING scroll of butterflies.
   710 | D:2      | Noticed Jessica
   713 | D:2      | Killed Jessica
   714 | D:2      | Reached skill level 5 in Ranged Weapons
   918 | D:2      | Reached XP level 4. HP: 27/27 MP: 4/4
  1164 | D:2      | Found a faded altar of an unknown god.
  1289 | D:2      | 1289 ||| UPGRADING to +0 ring mail.
  1299 | D:2      | 1299 ||| DROPPING +0 leather armour.
  1300 | D:2      | 1300 ||| UPGRADING to ring of protection from cold.
  1301 | D:2      | 1301 ||| READING scroll labelled VOSHUL CEPNA.
  1302 | D:2      | 1302 ||| READING scroll labelled WESYS FEAQA.
  1303 | D:2      | 1303 ||| DRINKING 2 bubbling white potions.
  1343 | D:3      | Reached skill level 1 in Armour
  1343 | D:3      | 1343 ||| RETREEAATING.
  1347 | D:3      | Slain by a gnoll bouda

Levels and vault maps discovered:
D:1:      giann_forest_graveyard, layout_basic
D:2:      layout_basic, chequers_ecumenical_altar_island, uniq_jessica
D:3:      layout_loops_ring, nicolae_grassy_gnolls

Skill      XL: |  1  2  3  4 |
---------------+-------------+-----
Ranged Weapons | 5 |  5.4
Armour         | 1 |  1.0
Fighting       | |  2.7
Dodging        | |  1.5
Stealth        | |  1.1

Action                     |  1- 3 |  4- 6 || total
---------------------------+-------+-------++-------
   Fire: Shortbow          |    74 |    30 ||   104
    Use: Scroll            |     2 |     2 ||     4
         Potion            |     1 |     1 ||     2
 Armour: Leather armour    |    14 |     3 ||    17
         Ring mail         |       |     9 ||     9
  Dodge: Dodged            |    17 |     5 ||    22

Table legend:
 A = Non-vault XP
 B = Vault XP
 C = Vault XP percentage of total XP
 D = Non-vault monster count
 E = Vault monster count
 F = Vault count percentage of total count
                 A         B        C        D         E       F
            +---------+---------+-------+---------+---------+-------
      Total |      61 |      52 |  46.0 |      30 |       2 |   6.2
            +---------+---------+-------+---------+---------+-------
        D:1 |      38 |       0 |   0.0 |      21 |       0 |   0.0
        D:2 |      21 |      37 |  63.8 |       8 |       1 |  11.1
        D:3 |       2 |      15 |  88.2 |       1 |       1 |  50.0
            +---------+---------+-------+---------+---------+-------
